 Dungeon Crawl Stone Soup version 0.29-a0-1016-g236c7fd91e (webtiles) character file.

Game seed: 2599057941756789684

114 nickcage the Poker (level 4, -4/33 HPs)
             Began as a Merfolk Gladiator on Aug 8, 2022.
             Constricted to death by Ijyb (5 damage)
             ... on level 3 of the Dungeon on Aug 9, 2022.
             The game lasted 00:06:01 (2281 turns).

nickcage the Poker (Merfolk Gladiator)              Turns: 2281, Time: 00:06:02

Health: -4/33      AC: 12    Str: 16    XL:     4   Next: 97%
Magic:  4/4        EV:  5    Int:  7    God:
Gold:   140        SH:  0    Dex: 15    Spells: 0/3 levels left

rFire   . . .      SeeInvis .   w - +0 halberd
rCold   . . .      Faith    .   (shield currently unavailable)
rNeg    . . .      Spirit   .   o - +0 chain mail
rPois   .          Reflect  .   c - +0 helmet
rElec   .          Harm     .   (no cloak)
rCorr   .          Rampage  .   q - +0 pair of gloves
Will    .....                   t - +1 pair of boots
Stlth   ..........              (no amulet)
HPRegen 0.11/turn               (no ring)
MPRegen 0.09/turn               (no ring)

@: grasped by roots, constricted
A: (nimble swimmer 2), mertail
a: no special abilities


You were on level 3 of the Dungeon.
You visited 1 branch of the dungeon, and saw 3 of its levels.

You collected 140 gold pieces.

Inventory:

Hand Weapons
 a - a +0 trident
 w - a +0 halberd (weapon)
Missiles
 d - 3 throwing nets (quivered)
 e - a javelin
Armour
 b - a +0 leather armour
 c - a +0 helmet (worn)
 i - a +0 ring mail
 o - a +0 chain mail (worn)
 q - a +0 pair of gloves (worn)
 t - a +1 pair of boots (worn)
Scrolls
 g - a scroll of enchant weapon {unknown}
 h - 2 scrolls of enchant armour {unknown}
 m - a scroll of amnesia {unknown}
 r - a scroll of butterflies {unknown}
 s - a scroll of immolation {unknown}
Potions
 f - a potion of curing {unknown}
 j - a potion of attraction {unknown}
 k - 2 potions of haste {unknown}
 l - a potion of heal wounds {unknown}
 n - a potion of degeneration {unknown}
 v - a potion of flight {unknown}


   Skills:
 - Level 2.1 Fighting
 + Level 7.3 Polearms
 - Level 2.0 Throwing
 - Level 4.0 Dodging


You couldn't memorise any spells.
You knew the following spells:

 Your Spells              Type           Power      Damage    Failure   Level
a - Dazzling Flash        Conj/Hex       0%         N/A       100%        3

Your spell library contained the following spells:

 Spells                   Type           Power      Damage    Failure   Level
 Iskenderun's Mystic Bla  Conj/Tloc      0%         2d3       100%        4
 Starburst                Conj/Fire      0%         6d3       100%        6


Dungeon Overview and Level Annotations

Branches:
Dungeon (3/15)

Altars:

Annotations:
D:3 Ijyb


Innate Abilities, Weirdness & Mutations

((You are very nimble when in or above water. (Stealth+, EV+, Speed+++)))
Your lower body shifts to a powerful aquatic tail in water.


Message History

You closely miss Ijyb.
Ijyb is lightly wounded.
Ijyb zaps a wand.
The roots erupt in riotous growth!
The grasping roots grab you!
Ijyb is unaffected.
The grasping roots constrict you. Ijyb completely misses you.
The grasping roots constrict you.
You barely miss Ijyb.
Ijyb is lightly wounded.
Ijyb barely misses you. The grasping roots constrict you.
You hit Ijyb but do no damage.
Ijyb is lightly wounded.
Ijyb barely misses you. The grasping roots constrict you!
* * * LOW HITPOINT WARNING * * *
The grasping roots release their grip on you.
You slash Ijyb!
Ijyb is severely wounded.
Ijyb hits you but does no damage.
You closely miss Ijyb.
Ijyb is severely wounded.
Ijyb hits you but does no damage.
You closely miss Ijyb.
Ijyb is severely wounded.
Ijyb screams, "Level is mine!
All mine!"
Ijyb hits you but does no damage.
You closely miss Ijyb.
Ijyb is severely wounded.
Ijyb screams, "Get away!"
Ijyb closely misses you. Ijyb hits you with a +0 club.
* * * LOW HITPOINT WARNING * * *
You closely miss Ijyb.
Ijyb is severely wounded.
Ijyb screams, "Me kill you!"
Ijyb zaps a wand.
The roots erupt in riotous growth!
The grasping roots grab you!
Ijyb is unaffected.
The grasping roots constrict you.
* * * LOW HITPOINT WARNING * * *
You closely miss Ijyb.
Ijyb is severely wounded.
Ijyb hits you but does no damage. The grasping roots constrict you.
You die...

..... ..#.# . .... #######.#.# ..
.... .......... .. ...#
####.......##(#.. ...#
#..#............. ...##.
#.>#.......(# ......
#..######'#.(.... ......
#....†@g..# #####
......#####.######### #
......#.....#.......########.#
......#.#####.#####....[.....#
......#.......#####.........#
......########..............#
...... ..#...###.#.###..#
+###########.#.#.# #.#.# #..#####
.........#.#.#...###.#.###....(..


You could see Ijyb.

Vanquished Creatures
  4 gnolls
  2 adders (D:3)
  A dart slug (D:3)
  5 orcs (D:3)
  7 ball pythons
  3 endoplasms
  A giant cockroach (D:2)
  2 goblins
  4 hobgoblins (D:1)
  2 jackals (D:1)
  3 quokkas
  4 bats
  A frilled lizard (D:1)
  7 kobolds
  3 rats
49 creatures vanquished.

Notes
Turn   | Place    | Note
-------+----------+-------------------------------------------
     0 | D:1      | nickcage the Merfolk Gladiator began the quest for the Orb.
     0 | D:1      | Reached XP level 1. HP: 16/16 MP: 1/1
   265 | D:1      | Reached skill level 5 in Polearms
   265 | D:1      | Reached XP level 2. HP: 18/22 MP: 2/2
   596 | D:1      | Found a faded altar of an unknown god.
   616 | D:1      | Reached XP level 3. HP: 27/27 MP: 3/3
  1315 | D:2      | Reached skill level 6 in Polearms
  1328 | D:2      | Upgraded the game from 0.29-a0-1009-g60c99734e7 to
                  | 0.29-a0-1016-g236c7fd91e
  1663 | D:3      | Reached XP level 4. HP: 33/33 MP: 4/4
  2017 | D:3      | Learned a level 3 spell: Dazzling Flash
  2212 | D:3      | Reached skill level 7 in Polearms
  2262 | D:3      | Noticed Ijyb
  2280 | D:3      | HP: 1/33 [constriction (6)]
  2281 | D:3      | Constricted to death by Ijyb

Illustrated notes

Levels and vault maps discovered:
D:1:      doesnt_arrival_eight_statues, layout_basic,
          shapermc_ecumenical_altar_starsandcircs, minmay_pentomino_s2
D:2:      layout_loops_ring, chequers_serial_rivers_micro_a
D:3:      layout_basic, nicolae_hepliaklqana_monster_ancestors,
          nicolae_gozag_cash_rules_everything_around_me, minmay_misc_feat_cross,
          minivault_23, kennysheep_generic_room_12, uniq_ijyb

Skill      XL: |  1  2  3  4 |
---------------+-------------+-----
Polearms       | 5 6 7 |  7.3
Fighting       | |  2.1
Throwing       | |  2.0
Dodging        | |  4.0

Action                   |  1- 3 |  4- 6 || total
-------------------------+-------+-------++-------
Melee: Trident           |    83 |    55 ||   138
       Halberd           |       |    12 ||    12
Throw: Dart              |     1 |     6 ||     7
       Throwing net      |       |     1 ||     1
  Use: Scroll            |       |     1 ||     1
 Stab: Sleeping          |     1 |       ||     1
Armor: Leather armour    |     8 |       ||     8
       Chain mail        |     4 |    28 ||    32
       Ring mail         |     4 |       ||     4
Dodge: Dodged            |    48 |    20 ||    68

Table legend: (Time is in decaauts)
 A = Elapsed time spent in this place.
 B = Non-inter-level travel time spent in this place.
 C = Inter-level travel time spent in this place.
 D = Time resting spent in this place.
 E = Time spent auto-exploring this place.
 F = Levels seen in this place.
 G = Mean time per level.
                   A        B        C        D        E       F      G
               +--------+--------+--------+--------+--------+-----+--------+
         Total |   2281 |   2259 |     22 |    243 |   1647 |   3 |  760.3 |
       Dungeon |   2281 |   2259 |     22 |    243 |   1647 |   3 |  760.3 |
               +--------+--------+--------+--------+--------+-----+--------+

Top non-repeatable levels by time:
     D:1: 856 daAuts
     D:2: 779 daAuts
     D:3: 644 daAuts
